 Dungeon Crawl Stone Soup version 0.30-a0-782-ge64f9170bb (webtiles) character file.

Game seed: 16765342336210947578

4165 HoaS the Carver (level 9, -1/67 HPs)
             Began as a Demigod Gladiator on Mar 7, 2023.
             Slain by a killer bee (5 damage)
             ... on level 7 of the Dungeon.
             The game lasted 00:19:12 (6203 turns).

HoaS the Carver (Demigod Gladiator)                 Turns: 6203, Time: 00:19:12

Health: -1/67      AC: 18    Str: 15    XL:     9   Next: 80%
Magic:  11/11      EV: 11    Int: 10    God:
Gold:   283        SH:  0    Dex: 27    Spells: 8/8 levels left

rFire   . . .      SeeInvis .    o - +0 great sword
rCold   . . .      Faith    .    (shield currently unavailable)
rNeg    . . .      Spirit   .    l - +0 scale mail
rPois   .          Reflect  .    c - +2 helmet
rElec   .          Harm     .    w - +2 cloak
rCorr   .          Rampage  .    (no gloves)
Will    .....                    j - +1 pair of boots
Stlth   +                        (no amulet)
HPRegen 0.31/turn                b - +4 ring of protection
MPRegen 0.12/turn                (no ring)

@: lethally poisoned (-1 -> -10)
A: high MP 1, forlorn, divine attributes
a: no special abilities


You were on level 7 of the Dungeon.
You visited 1 branch of the dungeon, and saw 7 of its levels.

You collected 333 gold pieces.
You spent 50 gold pieces at shops.

Inventory:

Hand Weapons
 o - a +0 great sword (weapon)
Missiles
 d - 4 throwing nets
 e - a javelin
 f - 3 silver boomerangs
 k - 13 poisoned darts
 s - a boomerang (quivered)
Armour
 c - a +2 helmet (worn)
 j - a +1 pair of boots (worn)
 l - a +0 scale mail (worn)
 w - a +2 cloak (worn)
Jewellery
 b - a +4 ring of protection (left hand)
 r - a ring of ice
Wands
 n - a wand of iceblast (5)
 v - a wand of mindburst (9)
Potions
 a - a potion of might
 g - a potion of ambrosia
 h - 2 potions of haste
 i - 4 potions of heal wounds
 m - a potion of cancellation {unknown}
 p - a potion of curing
 q - a potion of mutation {unknown}
 t - a potion of resistance
 u - a potion of flight {unknown}


   Skills:
 - Level 1.7 Fighting
 + Level 13.5 Long Blades
 - Level 1.7 Throwing
 - Level 2.6 Dodging


You had 8 spell levels left.
You didn't know any spells.
Your spell library contained the following spells:

 Spells                   Type           Power      Damage    Failure   Level
 Freeze                   Ice            0%         1d3       85%         1
 Frozen Ramparts          Ice            0%         1d1       99%         3
 Hailstorm                Conj/Ice       0%         3d3       99%         3


Dungeon Overview and Level Annotations

Branches:
Dungeon (7/15)             Temple (0/1) D:5

Shops:
D:2 !


Innate Abilities, Weirdness & Mutations

You have an increased reservoir of magic. (+10% MP)
You shall have no god before yourself.
Your divine heritage dramatically boosts your attributes as you level up.


Message History

The killer bee stings you but does no damage.
The killer bee misses you.
You closely miss the killer bee.
You feel sick. The killer bee stings you. The killer bee closely misses you.
You feel better.
The killer bee stings you but does no damage.
The killer bee stings you.
You barely miss the killer bee.
The killer bee stings you but does no damage. x2
You miss the killer bee.
The killer bee stings you but does no damage. x2
You slash the killer bee!
The killer bee is heavily wounded.
The killer bee misses you.
The killer bee stings you but does no damage.
You slash the killer bee!
You kill the killer bee!
The killer bee closely misses you.
You miss the killer bee. The killer bee barely misses you. x2
The killer bee stings you.
You are poisoned.
The killer bee poisons you!
You closely miss the killer bee.
You feel very sick. The killer bee stings you.
* * * LOW HITPOINT WARNING * * *
You are more poisoned.
The killer bee poisons you!
The killer bee stings you but does no damage.
You closely miss the killer bee.
* * * LOW HITPOINT WARNING * * *
You feel very sick.
The killer bee stings you but does no damage. x2
You barely miss the killer bee.
* * * LOW HITPOINT WARNING * * *
You feel very sick. The killer bee stings you!
* * * LOW HITPOINT WARNING * * *
The killer bee stings you.
You die...

#.## #..# #.####.## ?...
##.####..## ##.# #..# ##...
....##....# #..#
##..####..... ......)...#
#.####....#...#
#..†###...####.###.†.†....#
##.## ##...........##.....#
##.# ##...###..####..##..#
#.## #....# ##y# #.## #....
...# ##.##.# #@# #.## #y..#
...####.## ..# #......#
..... .#..>...# #.#
#..###.?# ..## .).###..#
#.#..## $.# ..## ##.##
....# y.. ...# ##.## ...#
##.## #..####..####
##..####............
#....##.....).......


You could see a killer bee.

Vanquished Creatures
  Pikel (D:5)
  A troll (D:6)
  Prince Ribbit (D:5)
  Eustachio (D:4)
  A steam dragon (D:7)
  Menkaure (D:4)
  Edmund (D:4)
  A water moccasin (D:6)
  An orc warrior (D:7)
  2 ice beasts
  2 sky beasts
  A black bear (D:6)
  3 ogres
  A lemure (D:5)
  A kobold brigand (D:7)
  A gnoll sergeant (D:6)
  Blork the orc (D:4)
  4 scorpions
  A necrophage (D:6)
  8 wights
  2 killer bees (D:7)
  2 howler monkeys (D:7)
  2 gnoll boudas
  3 orc priests
  Crazy Yiuf (D:5)
  3 iguanas
  5 orc wizards
  Robin (D:4)
  16 adders
  17 gnolls
  A shadow imp (D:6)
  An ufetubus (D:5)
  2 worms (D:4)
  A dart slug (D:1)
  23 orcs
  3 bats
  6 endoplasms
  6 giant cockroaches
  16 goblins
  10 hobgoblins
  3 jackals (D:1)
  10 kobolds
  4 quokkas
  6 ball pythons
  2 frilled lizards
  5 rats
185 creatures vanquished.

Vanquished Creatures (others)
  A plant (D:2)
1 creature vanquished.

Grand Total: 186 creatures vanquished

Notes
Turn   | Place    | Note
-------+----------+-------------------------------------------
     0 | D:1      | HoaS the Demigod Gladiator began the quest for the Orb.
     0 | D:1      | Reached XP level 1. HP: 17/17 MP: 3/3
    82 | D:1      | Reached skill level 3 in Long Blades
   240 | D:1      | Reached XP level 2. HP: 22/24 MP: 4/4
   611 | D:1      | Reached XP level 3. HP: 19/29 MP: 5/5
   828 | D:1      | Reached skill level 4 in Long Blades
   960 | D:2      | Reached XP level 4. HP: 31/36 MP: 6/6
   983 | D:2      | Found Otughoc's Distillery.
   995 | D:2      | Bought a potion of heal wounds for 50 gold pieces
  1269 | D:2      | Reached skill level 5 in Long Blades
  1483 | D:2      | You fall into a shaft and drop 2 floors!
  1824 | D:3      | Reached XP level 5. HP: 39/41 MP: 7/7
  2460 | D:4      | Noticed Eustachio
  2515 | D:4      | Noticed Robin
  2540 | D:4      | Killed Robin
  2722 | D:4      | Reached skill level 6 in Long Blades
  2784 | D:4      | Noticed Menkaure
  2790 | D:4      | Killed Menkaure
  2791 | D:4      | Reached XP level 6. HP: 48/48 MP: 8/8
  2844 | D:4      | Noticed Edmund
  2867 | D:4      | Killed Edmund
  2868 | D:4      | Reached skill level 7 in Long Blades
  3011 | D:4      | Killed Eustachio
  3159 | D:4      | Reached XP level 7. HP: 43/52 MP: 9/9
  3207 | D:4      | Noticed Blork the orc
  3214 | D:4      | Reached skill level 8 in Long Blades
  3226 | D:4      | Killed Blork the orc
  3565 | D:5      | Entered Level 5 of the Dungeon
  3602 | D:5      | Noticed Prince Ribbit
  3612 | D:5      | Killed Prince Ribbit
  3613 | D:5      | Reached skill level 9 in Long Blades
  3645 | D:4      | Reached XP level 8. HP: 42/60 MP: 10/10
  4056 | D:5      | Identified the +2 leather armour of Poor Excuses {rPois
                  | rCorr Dex-4 SInv}
  4207 | D:5      | Reached skill level 10 in Long Blades
  4239 | D:5      | Noticed Pikel
  4258 | D:5      | Killed Pikel
  4259 | D:5      | Reached skill level 11 in Long Blades
  4381 | D:5      | Found a staircase to the Ecumenical Temple.
  4457 | D:5      | Found a runed translucent door.
  4458 | D:5      | Noticed Crazy Yiuf
  4637 | D:5      | Killed Crazy Yiuf
  4671 | D:6      | Noticed a troll
  4677 | D:6      | Killed a troll
  4687 | D:6      | Reached XP level 9. HP: 66/67 MP: 11/11
  4811 | D:6      | Reached skill level 12 in Long Blades
  4991 | D:6      | Identified the +1 robe "Fiatez" {rPois rC- Will++ Slay+2}
  5278 | D:6      | Reached skill level 13 in Long Blades
  6203 | D:7      | Slain by a killer bee

Illustrated notes

Levels and vault maps discovered:
D:1:      lightli_arrival_chessboard, layout_loops_ring
D:2:      layout_rooms, serial_shops, nicolae_diamond_shop,
          dreamdust_ecumenical_altar_hidden_monk_grotto, kennysheep_nondescript
D:3:      layout_rooms, nicolae_overflow_hidden_temple
D:4:      layout_rooms, cheibrodos_worm_habitat,
          mainiacjoe_overflow_catwalk_spiral, minmay_misc_feat_pillars,
          uniq_edmund, uniq_robin, uniq_menkaure, uniq_blork_the_orc,
          uniq_eustachio
D:5:      layout_cave_pools, minmay_temple_entry_large_hall, uniq_pikel,
          uniq_prince_ribbit1, uniq_crazy_yiuf_cottage
D:6:      layout_basic, mainiacjoe_overflow_small_starburst,
          minmay_misc_feat_more_columns, nicolae_half_adder
D:7:      layout_layer_cave

Skill      XL: |  1  2  3  4  5  6  7  8  9 |
---------------+----------------------------+-----
Long Blades    | 3 4 5 6 7 9 11 13 | 13.5
Fighting       | |  1.7
Throwing       | |  1.7
Dodging        | |  2.6

Action                     |  1- 3 |  4- 6 |  7- 9 || total
---------------------------+-------+-------+-------++-------
  Melee: Long sword        |   124 |   189 |    27 ||   340
         Punch             |     1 |     1 |     1 ||     3
         Great sword       |       |       |   282 ||   282
  Throw: Throwing net      |     1 |       |       ||     1
         Boomerang         |       |     8 |     4 ||    12
         Javelin           |       |     2 |     2 ||     4
         Dart              |       |       |     5 ||     5
    Use: Scroll            |       |    10 |     7 ||    17
         Potion            |       |     1 |     3 ||     4
 Armour: Leather armour    |    10 |       |       ||    10
         Ring mail         |    45 |    39 |       ||    84
         Scale mail        |       |    77 |   180 ||   257
  Dodge: Dodged            |    92 |   124 |   193 ||   409

Table legend: (Time is in decaauts)
 A = Elapsed time spent in this place.
 B = Non-inter-level travel time spent in this place.
 C = Inter-level travel time spent in this place.
 D = Time resting spent in this place.
 E = Time spent auto-exploring this place.
 F = Levels seen in this place.
 G = Mean time per level.
                   A        B        C        D        E       F      G
               +--------+--------+--------+--------+--------+-----+--------+
         Total |   6304 |   6101 |    203 |   1423 |   3128 |   7 |  900.6 |
       Dungeon |   6304 |   6101 |    203 |   1423 |   3128 |   7 |  900.6 |
               +--------+--------+--------+--------+--------+-----+--------+

Top non-repeatable levels by time:
     D:4: 1188 daAuts
     D:5: 1002 daAuts
     D:6: 983 daAuts
     D:1: 970 daAuts
     D:3: 820 daAuts
     D:2: 777 daAuts
     D:7: 562 daAuts
